 Dungeon Crawl Stone Soup version 0.28-a0-612-gcfc00ec14d (webtiles) character file.

Game seed: 11474611410014008385

14485 meatgazer the Envoy of Void (level 11, -4/88 (92) HPs)
             Began as a Demonspawn Abyssal Knight on Oct 4, 2021.
             Was a High Priest of Lugonu.
             Slain by a wraith (9 damage)
             ... led by Josephine
             ... on level 11 of the Dungeon on Oct 5, 2021.
             The game lasted 00:30:31 (12242 turns).

meatgazer the Envoy of Void (DsAK)                 Turns: 12242, Time: 00:30:32

HP:   -4/88 (92)    AC: 10    Str: 15    XL:     11   Next: 89%
MP:   0/21          EV:  9    Int: 10    God:    Lugonu [*****.]
Gold: 760           SH: 17    Dex: 21    Spells: 10/10 levels left

rFire   + + .      SeeInvis .   d - +8 whip of the Nine Servitors {drain, rF++ Int-2}
rCold   . . .      Faith    .   h - +2 kite shield
rNeg    . . .      Spirit   +   o - +3 leather armour {Will+}
rPois   +          Reflect  .   (no helmet)
rElec   .          Harm     .   z - -1 cloak of Insecurity {Dex+4}
rCorr   +          Rampage  .   (no gloves)
Will    +....                   (no boots)
Stlth   ++........              c - amulet of regeneration
HPRegen 1.24/turn               i - +4 ring of protection
MPRegen 0.34/turn               e - ring of resist corrosion

@: slowed, lightly drained, very slow
A: claws 1, large bone plates 1, foul stench 2, magic shield, magic
regeneration, agile 1, poison resistance, noise suppression
a: Renounce Religion, Depart the Abyss, Bend Space, Banish, Corrupt, Enter the
Abyss


You were on level 11 of the Dungeon.
You worshipped Lugonu.
Lugonu was extremely pleased with you.
You visited 1 branch of the dungeon, and saw 11 of its levels.
You visited the Abyss 1 time.
You also visited: Bailey.

You collected 760 gold pieces.

Inventory:

Hand Weapons
 d - the +8 whip of the Nine Servitors (weapon) {drain, rF++ Int-2}
   (You found it on level 2 of the Abyss)

   A truly terrible weapon, it drains the life of any living foe it strikes.
   Int:       It affects your intelligence (-2).
   rF:        It greatly protects you from fire.
 u - a +6 dire flail
Missiles
 m - 2 throwing nets
Armour
 h - a +2 kite shield (worn)
 j - a scarf of harm
 o - a +3 leather armour of willpower (worn)
 y - +0 acid dragon scales
 z - the -1 cloak of Insecurity (worn) {Dex+4}
   (You found it on level 11 of the Dungeon)

   Dex:       It affects your dexterity (+4).
Jewellery
 b - a ring of ice
 c - an amulet of regeneration (around neck)
 e - a ring of resist corrosion (right claw)
 i - a +4 ring of protection (left claw)
 p - an amulet of magic regeneration
 t - a ring of protection from cold
 x - a ring of ice
Wands
 g - a wand of digging (9)
 k - a wand of paralysis (8)
 A - a wand of iceblast (7)
Scrolls
 q - 2 scrolls of fog
 w - 4 scrolls of identify
Potions
 a - 4 potions of flight
 l - 3 potions of brilliance
 n - 3 potions of curing
 r - 3 potions of magic
 v - 3 potions of mutation
Miscellaneous
 s - a piece from Xom's chessboard (15/15)


   Skills:
 * Level 10.6 Fighting
 * Level 9.6 Maces & Flails
 - Level 1.7 Armour
 - Level 0.8 Dodging
 + Level 6.3 Shields
 * Level 13.3 Invocations
 + Level 4.2 Evocations


You had 10 spell levels left.
You didn't know any spells.
Your spell library contained the following spells:

 Spells                   Type           Power      Damage    Failure   Level
 Beastly Appendage        Tmut           0%         N/A       82%         1
 Blink                    Tloc           N/A        N/A       91%         2
 Ensorcelled Hibernation  Hex/Ice        0%         N/A       91%         2
 Wereblood                Tmut           0%         N/A       91%         2
 Gell's Gravitas          Tloc           0%         N/A       99%         3
 Lesser Beckoning         Tloc           0%         N/A       99%         3
 Spider Form              Tmut/Pois      0%         N/A       99%         3
 Teleport Other           Tloc           0%         N/A       99%         3
 Tukima's Dance           Hex            0%         N/A       99%         3
 Animate Dead             Necr           0%         N/A       100%        4
 Manifold Assault         Tloc           0%         N/A       100%        5
 Haunt                    Necr/Summ      0%         N/A       100%        7
 Storm Form               Tmut/Air       0%         N/A       100%        7
 Infestation              Necr           0%         N/A       100%        8


Dungeon Overview and Level Annotations

Branches:
Dungeon (11/15)            Temple (0/1) D:5            Lair (0/6) D:11
    Orc (0/2) D:9          Bailey (visited)

Altars:
Uskayaw
Beogh

Annotations:
D:3 2 transporters, iamoutofideas's ghost, amateur HOBe
Abyss:1 Nergalle; Sonja


Innate Abilities, Weirdness & Mutations

You have sharp fingernails.
You are partially covered in large bone plates. (SH +4)
You sometimes emit foul miasma when damaged in melee.
When hurt, damage is shared between your health and your magic reserves.
You regenerate magic rapidly.
You are agile. (Dex +2)
Your system is resistant to poisons. (rPois)
You passively dampen the noise of your surroundings.


Message History

The ghostly fireball engulfs Josephine.
Josephine completely resists.
The ghostly fireball engulfs the wraith but does no damage.
The wraith completely resists.
The ghostly fireball engulfs the wraith.
The wraith completely resists.
You block the wraith's attack. x2
You hit Josephine.
Josephine is severely wounded.
You block Josephine's attack. You block the wraith's attack. x2
Josephine casts a spell at you.
The ghostly flame explodes!
The ghostly fireball engulfs you!!
You feel drained.
* * * LOW HITPOINT WARNING * * *
The ghostly fireball engulfs Josephine.
Josephine completely resists.
The ghostly fireball engulfs the wraith.
The wraith completely resists.
The ghostly fireball engulfs the wraith.
The wraith completely resists.
Okay, then.
You whack Josephine!
Josephine is almost dead.
The wraith closely misses you. You block the wraith's attack.
You block Josephine's attack.
The howler monkey hoots and howls with incredible vigour!
You hit Josephine.
Josephine is almost dead.
The wraith hits you but does no damage. You block the wraith's attack.
You block Josephine's attack.
You hit Josephine.
You kill Josephine!
Lugonu accepts your kill. You block the wraith's attack.
The wraith hits you but does no damage.
You completely miss the wraith. You block the howler monkey's attack.
You block the wraith's attack. The wraith misses you.
The howler monkey hits you but does no damage.
The wraith hits you.
* * * LOW HITPOINT WARNING * * *
The wraith drains your vigour!
You feel as though you will be slow longer.
The wraith hits you!
You die...

....#WW...##.......#
....#.W....#.......#
....#B.....#.......#
##..'......#.......#
*#..#......'.......#
*#..#......#......^#
,#..#......#.......#
,#..#'######...h†W.#
,#.............W@..#
,#........###'###..#
♣#........#.....#..#
..........#.....'..#
♣#........#.....#..#######
,#........#.....##.......#
,#........##>....#.......#
,#.........#.....#.......#
,#.........#######.......#


You could see 2 wraiths and a howler monkey.

Vanquished Creatures
  Fannar (D:11)
  Josephine (D:11)
  2 boulder beetles
  A two-headed ogre (D:8)
  An ugly thing (D:11)
  Psyche (D:8)
  A komodo dragon (D:11)
  A troll (D:9)
  Grinder (D:4)
  A hornet (D:10)
  A shadow (D:11)
  Sigmund (D:2)
  A wyvern (D:5)
  3 yaks
  6 wraiths
  3 vampire mosquitoes (D:9)
  A water moccasin (D:9)
  Edmund (D:5)
  An acid dragon (D:11)
  17 orc warriors
  2 sky beasts
  A necrophage (D:5)
  4 ogres
  7 centaurs
  3 bullfrogs
  3 kobold brigands
  A gnoll sergeant (D:10)
  3 scorpions
  A water moccasin skeleton (D:5)
  4 killer bees (D:9)
  8 wights
  8 howler monkeys
  11 orc priests
  6 centaur zombies
  A gnoll shaman (D:7)
  5 hounds
  A bullfrog skeleton (D:7)
  2 iguanas
  Ijyb (D:5)
  10 orc wizards
  A hound skeleton (D:4)
  A howler monkey skeleton (D:7)
  14 gnolls
  10 adders
  A shadow imp (D:5)
  2 white imps
  An ufetubus (D:7)
  A worm (D:2)
  A dart slug (D:1)
  70 orcs
  4 ball pythons
  5 bats (D:1)
  3 endoplasms
  A giant cockroach (D:4)
  15 goblins
  4 hobgoblins
  7 jackals
  A quokka (D:4)
  4 frilled lizards
  15 kobolds
  9 rats
298 creatures vanquished.

Vanquished Creatures (others)
  A white imp (D:8)
  An orc (Bailey)
2 creatures vanquished.

Grand Total: 300 creatures vanquished

Notes
Turn   | Place    | Note
-------+----------+-------------------------------------------
     0 | Abyss:1  | meatgazer the Demonspawn Abyssal Knight began the quest for
                  | the Orb.
     0 | Abyss:1  | Reached XP level 1. HP: 18/18 MP: 2/2
    33 | Abyss:2  | Identified the +8 whip of the Nine Servitors {drain, rF++
                  | Int-2}
    46 | Abyss:2  | Noticed an ancient zyme
    46 | D:1      | Escaped the Abyss
   328 | D:1      | Reached * piety under Lugonu
   335 | D:1      | Gained mutation: You may rarely emit foul miasma when
                  | damaged in melee. [demonic ancestry]
   335 | D:1      | Reached XP level 2. HP: 17/24 MP: 4/4
   616 | D:1      | Reached skill level 3 in Invocations
  1038 | D:1      | Gained mutation: You sometimes emit foul miasma when
                  | damaged in melee. [demonic ancestry]
  1038 | D:1      | Reached XP level 3. HP: 22/29 MP: 5/5
  1412 | D:2      | Noticed Sigmund
  1428 | D:2      | Killed Sigmund
  1429 | D:2      | Reached skill level 1 in Shields
  1429 | D:2      | Reached skill level 4 in Invocations
  1429 | D:2      | Reached XP level 4. HP: 7/37 MP: 5/7
  1429 | D:2      | Gained mutation: You are partially covered in large bone
                  | plates. (SH +4) [demonic ancestry]
  1429 | D:2      | Reached XP level 5. HP: 8/42 MP: 5/8
  1850 | D:2      | You fall into a shaft and drop 1 floor!
  1999 | D:3      | Reached ** piety under Lugonu
  2211 | D:2      | You fall into a shaft and drop 1 floor!
  2272 | D:2      | Found a faded altar of an unknown god.
  2997 | D:3      | Found a transporter.
  3000 | D:3      | Noticed iamoutofideas's ghost (amateur HOBe)
  3003 | D:3      | Found a transporter.
  3320 | D:4      | Reached skill level 5 in Invocations
  3320 | D:4      | Gained mutation: You regenerate magic rapidly. [demonic
                  | ancestry]
  3320 | D:4      | Reached XP level 6. HP: 49/49 MP: 9/9
  3929 | D:4      | Noticed Grinder
  3942 | D:4      | Paralysed by Grinder for 5 turns
  3949 | D:4      | Killed Grinder
  3950 | D:4      | Reached skill level 5 in Fighting
  3950 | D:4      | Reached skill level 6 in Invocations
  3950 | D:4      | Reached XP level 7. HP: 33/56 MP: 11/11
  4930 | D:5      | Entered Level 5 of the Dungeon
  5037 | D:5      | Found a staircase to the Ecumenical Temple.
  5043 | D:5      | Noticed Edmund
  5059 | D:5      | Noticed Ijyb
  5061 | D:5      | Killed Edmund
  5062 | D:5      | Noticed a wyvern
  5068 | D:5      | Killed a wyvern
  5069 | D:5      | Gained mutation: You have sharp fingernails. [demonic
                  | ancestry]
  5069 | D:5      | Reached XP level 8. HP: 42/64 MP: 11/13
  5073 | D:5      | Killed Ijyb
  5074 | D:5      | Reached skill level 7 in Invocations
  5083 | D:5      | Reached skill level 5 in Maces & Flails
  5683 | D:5      | Identified the +7 short sword of Heiniuko {vorpal, rN+
                  | Int-2 Dex+4}
  5904 | D:5      | Reached skill level 8 in Invocations
  5977 | D:5      | Reached *** piety under Lugonu
  6348 | D:6      | Gained mutation: When hurt, damage is shared between your
                  | health and your magic reserves. [demonic ancestry]
  6348 | D:6      | Reached XP level 9. HP: 71/71 MP: 15/15
  6424 | D:6      | Reached skill level 9 in Invocations
  6821 | D:6      | Gained mutation: You are agile. (Dex +2) [potion of
                  | mutation]
  6821 | D:6      | Gained mutation: You passively dampen the noise of your
                  | surroundings. [potion of mutation]
  6821 | D:6      | Gained mutation: Your system is resistant to poisons.
                  | (rPois) [potion of mutation]
  7351 | D:7      | Reached **** piety under Lugonu
  7465 | D:7      | Found a flagged portal.
  7477 | Bailey   | Entered a bailey
  7583 | Bailey   | Reached skill level 10 in Invocations
  8048 | Bailey   | Reached XP level 10. HP: 63/80 MP: 13/17
  8874 | D:7      | Reached ***** piety under Lugonu
  9166 | D:8      | Noticed a two-headed ogre
  9175 | D:8      | Killed a two-headed ogre
  9176 | D:8      | Reached skill level 11 in Invocations
  9201 | D:8      | Reached skill level 1 in Evocations
  9278 | D:8      | Reached skill level 5 in Shields
  9328 | D:8      | Identified the +4 dagger of Fee Simple {spect, rElec rF+
                  | Int+2}
  9370 | D:8      | Found a hide-covered altar of Uskayaw.
  9448 | D:8      | Identified the +6 hunting sling of Fadweqa {vorpal, rC- rN+
                  | Str+7 SInv}
  9615 | D:8      | Noticed Psyche
  9629 | D:8      | Killed Psyche
  9638 | D:8      | Identified the +1 falchion "Ixudgh" {vorpal, rC+ Str-2
                  | Int+3 Dex+4 SInv}
  9883 | D:9      | Noticed a boulder beetle
  9905 | D:9      | Killed a boulder beetle
 10075 | D:9      | Reached skill level 12 in Invocations
 10075 | D:9      | Reached XP level 11. HP: 84/89 MP: 17/20
 10498 | D:9      | Found a staircase to the Orcish Mines.
 10698 | D:10     | Entered Level 10 of the Dungeon
 10778 | D:10     | Noticed Nergalle
 10781 | D:10     | Banished Nergalle
 11279 | D:10     | Noticed Sonja
 11280 | D:10     | Banished Sonja
 11281 | D:10     | Reached skill level 10 in Fighting
 11488 | D:11     | Noticed a boulder beetle
 11491 | D:11     | Banished a boulder beetle
 11495 | D:11     | Identified the -1 cloak of Insecurity {Dex+4}
 11572 | D:11     | Noticed Fannar
 11727 | D:11     | Killed Fannar
 11795 | D:11     | Noticed Josephine
 11802 | D:11     | Noticed a boulder beetle
 11814 | D:11     | Killed a boulder beetle
 11815 | D:11     | Reached skill level 13 in Invocations
 11897 | D:11     | Upgraded the game from 0.28-a0-595-g9f6c0e134a to
                  | 0.28-a0-612-gcfc00ec14d
 11987 | D:11     | Found a staircase to the Lair.
 12116 | D:11     | Noticed a brown ugly thing
 12127 | D:11     | Killed a brown ugly thing
 12241 | D:11     | Killed Josephine
 12242 | D:11     | Slain by a wraith

Illustrated notes

Levels and vault maps discovered:
D:1:      sevenhm_arrival_forest_fort_large_2, layout_basic,
          wander_ebering_terrifying_dragon_lair
D:2:      layout_loops_ring, basic_ecumenical_altar, kennysheep_generic_room_10,
          uniq_sigmund
D:3:      layout_loops_cross, gammafunk_ghost_mausoleum,
          roderic_nine_men_s_morris, st_stairs_11, minmay_misc_feat_plants
D:4:      layout_layer_cave, chequers_ossuary_entry_cave,
          minmay_misc_feat_alley, hangedman_decor_push, uniq_grinder
D:5:      minmay_clustersquares, layout_rooms, temple_green, uniq_ijyb,
          uniq_edmund
D:6:      layout_rooms, grunt_ministairs_4
D:7:      layout_basic, enter_bailey_5
D:8:      layout_loops_ring, nicolae_uskayaw_dance_studio, uniq_psyche
D:9:      layout_loops_ring, minmay_orc_entry_temple_small, minmay_circle_x
D:10:     layout_basic, uniq_nergalle, uniq_sonja
D:11:     nzn_winding_woodlands_stair_cross [nzn_winding_woodlands_5x15_pockets,
          nzn_winding_woodlands_center_garden,
          nzn_winding_woodlands_5x15_longhouse, nzn_winding_woodlands_5x5_cross,
          nzn_winding_woodlands_5x5_default, nzn_winding_woodlands_5x15_twine,
          nzn_winding_woodlands_center_triple_pond,
          nzn_winding_woodlands_5x15_parted], layout_irregular_city,
          columned_hall_lemuel, serial_park_tiny_1, uniq_fannar, uniq_josephine

Skill      XL: |  1  2  3  4  5  6  7  8  9 10 11 |
---------------+----------------------------------+-----
Maces & Flails | 2 3 4 6 7 8 9 |  9.6
Invocations    | 3 4 5 6 8 10 12 13 | 13.3
Fighting       | 4 5 6 8 9 10 | 10.6
Shields        | 1 2 3 4 5 6 |  6.3
Evocations     | 2 4 |  4.2
Armour         | |  1.7
Dodging        | |  0.8

Action                   |  1- 3 |  4- 6 |  7- 9 | 10-12 || total
-------------------------+-------+-------+-------+-------++-------
Melee: Whip              |    62 |   106 |   341 |   519 ||  1028
Invok: Depart the Abyss  |     1 |       |       |       ||     1
       Bend Space        |       |       |       |     7 ||     7
       Banish            |       |       |       |     5 ||     5
Evoke: Wand              |       |       |     1 |     4 ||     5
  Use: Scroll            |     2 |     3 |     7 |    10 ||    22
       Potion            |       |     7 |     3 |     2 ||    12
 Stab: Sleeping          |     1 |       |       |       ||     1
       Paralysed         |       |       |     6 |       ||     6
Armor: Leather armour    |    19 |     9 |    80 |   173 ||   281
       Scale mail        |       |    32 |    11 |       ||    43
Dodge: Dodged            |    35 |    36 |   165 |   169 ||   405
Block: Other             |       |    19 |    56 |    21 ||    96
       Kite shield       |       |       |       |   435 ||   435

Table legend: (Time is in decaauts)
 A = Elapsed time spent in this place.
 B = Non-inter-level travel time spent in this place.
 C = Inter-level travel time spent in this place.
 D = Time resting spent in this place.
 E = Time spent auto-exploring this place.
 F = Levels seen in this place.
 G = Mean time per level.
                   A        B        C        D        E       F      G
               +--------+--------+--------+--------+--------+-----+--------+
         Total |  12169 |  11772 |    397 |   2807 |   6427 |  14 |  869.2 |
       Dungeon |  11158 |  10761 |    397 |   2444 |   6323 |  11 | 1014.4 |
         Abyss |     45 |     45 |      0 |      0 |     19 |   2 |   22.5 |
        Bailey |    965 |    965 |      0 |    363 |     85 |   1 |  965.0 |
               +--------+--------+--------+--------+--------+-----+--------+

Top non-repeatable levels by time:
     D:4: 1652 daAuts
     D:1: 1580 daAuts
     D:7: 1272 daAuts
     D:5: 1218 daAuts
  Bailey: 965 daAuts
     D:3: 909 daAuts
     D:9: 889 daAuts
    D:11: 873 daAuts
     D:2: 732 daAuts
    D:10: 709 daAuts
     D:6: 701 daAuts
     D:8: 617 daAuts
 Abyss:1: 27 daAuts
 Abyss:2: 18 daAuts
